 Dungeon Crawl Stone Soup version 0.24-a0-528-g98e85ec62a (webtiles) character file.

Game seed: 17991317572912123507

55 Mithandil the Conjurer (level 3, -10/20 HPs)
             Began as a Tengu Conjurer on Aug 6, 2019.
             Mangled by a gnoll
             ... wielding a +0 halberd
              (18 damage)
             ... on level 2 of the Dungeon.
             The game lasted 00:09:07 (1367 turns).

Mithandil the Conjurer (Tengu Conjurer)             Turns: 1367, Time: 00:09:08

Health: -10/20     AC:  4    Str:  9    XL:     3   Next: 93%
Magic:  8/8        EV: 12    Int: 15    God:
Gold:   12         SH:  0    Dex: 14    Spells: 6/7 levels left

rFire    . . .     SeeInvis .   b - +0 spear
rCold    . . .     Gourm    .   (no shield)
rNeg     . . .     Faith    .   h - +1 leather armour
rPois    .         Spirit   .   (helmet restricted)
rElec    .         Reflect  .   (no cloak)
rCorr    .         Harm     .   (no gloves)
MR       .....                  (boots unavailable)
Stlth    ++........             (no amulet)
HPRegen  0.06/turn              (no ring)
MPRegen  0.11/turn              (no ring)

@: no status effects
A: beak, talons 3
a: no special abilities


You were on level 2 of the Dungeon.
You were not hungry.

You visited 1 branch of the dungeon, and saw 2 of its levels.

You collected 12 gold pieces.

Inventory:

Hand Weapons
 b - a +0 spear (weapon)
 g - a +1 fustibalus of flaming
 i - a +0 mace
 n - a +0 short sword
Armour
 h - a +1 leather armour (worn)
Scrolls
 e - a scroll of blinking
 f - a scroll of enchant armour
Potions
 d - a potion of agility {unknown}
 l - a potion of might {unknown}
 m - a potion of haste {unknown}
Comestibles
 a - 2 chunks of flesh
 c - 5 rations


   Skills:
 + Level 1.0 Fighting
 + Level 2.4 Dodging
 + Level 2.4 Stealth
 * Level 2.7 Spellcasting
 * Level 5.8 Conjurations


You had 6 spell levels left.
You knew the following spells:

 Your Spells              Type           Power        Failure   Level  Hunger
a - Magic Dart            Conj           ###.         2%          1    #......

Your spell library contained the following spells:

 Spells                   Type           Power        Failure   Level  Hunger
 Searing Ray              Conj           ###...       4%          2    ##.....
 Dazzling Spray           Conj/Hex       ##....       26%         3    ###....
 Iskenderun's Mystic Bla  Conj           ###.....     26%         4    #####..
 Force Lance              Conj/Tloc      ##......     65%         4    #####..
 Fulminant Prism          Conj/Hex       ##........   65%         4    #####..


Dungeon Overview and Level Annotations

Branches:
Dungeon (2/15)

Altars:
Fedhas


Innate Abilities, Weirdness & Mutations

You have a beak for a mouth.
You have claws for feet.


Message History

The gnoll is in the way.
You hit the gnoll.
The gnoll is moderately wounded.
The gnoll barely misses you. The gnoll completely misses you.
The gnoll hits you with a +0 club. The hobgoblin hits you with a +0 club.
Attack whom?
Press: ? - help, Dir - move target cursor, f/p - gnoll
Aim: a gnoll, wielding a +0 spear (moderately wounded)
The gnoll is in the way.
You hit the gnoll.
The gnoll is severely wounded.
The gnoll barely misses you. x2; The gnoll hits you with a +0 club.
The hobgoblin closely misses you.
Attack whom?
Press: ? - help, Dir - move target cursor, f/p - gnoll
Aim: a gnoll, wielding a +0 spear (moderately wounded)
The gnoll is in the way.
You hit the gnoll but do no damage.
The gnoll is severely wounded.
The gnoll closely misses you.
The gnoll hits you from afar with a +0 halberd!!
Ouch! That really hurt!
You die...

##≈≈≈≈..##
#####
##......÷
#...#
#.....##
#...####+##
#######
#.........#
.........+
gg......#
#g......#
#@g....(#
#.......#
#.......#
#..)....#
#########
#######
#......


You could see 3 gnolls and a hobgoblin.

Vanquished Creatures
  A gnoll (D:1)
  A worm (D:2)
  5 bats (D:1)
  3 giant cockroaches (D:1)
  3 goblins (D:1)
  8 hobgoblins (D:1)
  3 jackals (D:2)
  6 kobolds
  3 frilled lizards
  6 rats
39 creatures vanquished.

Notes
Turn   | Place    | Note
-------+----------+-------------------------------------------
     0 | D:1      | Mithandil the Tengu Conjurer began the quest for the Orb.
     0 | D:1      | Reached XP level 1. HP: 10/10 MP: 4/4
   115 | D:1      | Reached XP level 2. HP: 15/15 MP: 3/6
   513 | D:1      | Reached XP level 3. HP: 14/20 MP: 1/7
  1264 | D:2      | Reached skill level 1 in Fighting
  1281 | D:2      | Found a blossoming altar of Fedhas.
  1367 | D:2      | Mangled by a gnoll

Levels and vault maps discovered:
D:1:      dpeg_arrival_morbid_curiosity, layout_basic
D:2:      layout_basic, fedhas_altar_2, first_ration, cheibrodos_gnoll_hut

Skill      XL: |  1  2  3 |
---------------+----------+-----
Fighting       | 1 |  1.0
Dodging        | |  2.4
Stealth        | |  2.4
Spellcasting   | |  2.7
Conjurations   | |  5.8

Action                   || total
-------------------------++-------
Melee: Unarmed           ||    18
       Kick              ||    12
       Peck              ||     6
       Club              ||     3
       Mace              ||     9
       Spear             ||    18
 Cast: Magic Dart        ||    58
  Use: Scroll            ||     4
  Eat: Chunk             ||     2
Armor: Robe              ||     5
       Leather armour    ||     5
Dodge: Dodged            ||    41

Table legend:
 A = Non-vault XP
 B = Vault XP
 C = Vault XP percentage of total XP
 D = Non-vault monster count
 E = Vault monster count
 F = Vault count percentage of total count
                 A         B        C        D         E       F
            +---------+---------+-------+---------+---------+-------
      Total |      71 |       8 |  10.1 |      35 |       4 |  10.3
            +---------+---------+-------+---------+---------+-------
        D:1 |      57 |       8 |  12.3 |      28 |       4 |  12.5
        D:2 |      14 |       0 |   0.0 |       7 |       0 |   0.0
            +---------+---------+-------+---------+---------+-------
